 Dungeon Crawl Stone Soup version 0.18.1-50-g88ac8fd (webtiles) character file.

39 ololoev the Magician (level 3, -2/19 HPs)
             Began as a Deep Elf Earth Elementalist on Dec 5, 2016.
             Killed from afar by ololoev's ghost (5 damage)
             ... with a rocky blast
             ... on level 3 of the Dungeon.
             The game lasted 00:03:59 (415 turns).

ololoev the Magician (Deep Elf Earth Elementalist)   Turns: 415, Time: 00:04:00

Health: -2/19      AC:  2    Str:  5    XL:     3   Next: 26%
Magic:  4/11       EV: 13    Int: 20    God:
Gold:   81         SH:  0    Dex: 15    Spells: 2 memorised, 8 levels left

rFire  + . .     SeeInvis .     b - 33 stones
rCold  . . .     Gourm    .     a - +0 robe
rNeg   . . .     Faith    .     (no shield)
rPois  .         Spirit   .     (no helmet)
rElec  .         Dismiss  .     (no cloak)
rCorr  .         Reflect  .     (no gloves)
SustAt .         Harm     .     (no boots)
MR     .....                    (no amulet)
Stlth  ++........               (no ring)
                                h - ring of protection from fire

@: not resistant to hostile enchantments, unstealthy
A: no striking features
a: no special abilities

Inventory:

Missiles
 b - 33 stones (in hand)
Armour
 a - a +0 robe (worn)
Jewellery
 h - a ring of protection from fire (left hand)
Scrolls
 e - a scroll of random uselessness {unknown}
 f - a scroll of remove curse {unknown}
 j - a scroll of identify {unknown}
Potions
 g - a potion of curing {unknown}
 i - a potion of cancellation {unknown}
Books
 c - a book of Geomancy

   Spells                             Type                      Level
   a - Sandblast                      Earth                        1
   b - Passwall                       Transmutation/Earth          2
   c - Stone Arrow                    Conjuration/Earth            3
   d - Petrify                        Transmutation/Earth          4
   e - Lee's Rapid Deconstruction     Earth                        5
Comestibles
 d - a bread ration
 k - 2 chunks of flesh


   Skills:
 - Level 2.4 Dodging
 - Level 2.4 Stealth
 * Level 4.7 Spellcasting
 - Level 1.1 Transmutations
 + Level 3.7 Earth Magic


You had 8 spell levels left.
You knew the following spells:

 Your Spells              Type           Power        Failure   Level  Hunger
a - Sandblast             Erth           ###...       2%          1    None
w - Passwall              Trmt/Erth      ##........   10%         2    #......


You were on level 3 of the Dungeon.
You were not hungry.

You visited 1 branch of the dungeon, and saw 3 of its levels.

You collected 81 gold pieces.

##### #. #...
#.##.########.
#.............
##.#.......#
#.#..#S##.#
#.#..W#.#
#.#..###..
##..@..# ###
.......#.##.#
######.#.#######
#.#.)......
#......####
#..###.# #..# ...
...######..###.###
#......<.......#

Notes
Turn   | Place    | Note
--------------------------------------------------------------
     0 | D:1      | ololoev the Deep Elf Earth Elementalist began the quest for the Orb.
     0 | D:1      | Reached XP level 1. HP: 10/10 MP: 6/6
   140 | D:2      | Reached XP level 2. HP: 4/15 MP: 3/8
   145 | D:2      | Reached skill level 4 in Spellcasting
   149 | D:2      | Learned a level 2 spell: Passwall
   277 | D:2      | Found a glowing golden altar of the Shining One.
   369 | D:2      | Reached XP level 3. HP: 10/19 MP: 6/10
   403 | D:3      | Noticed ololoev's ghost (weakling DEEE)
   415 | D:3      | Killed from afar by ololoev's ghost

Dungeon Overview and Level Annotations

Branches:
Dungeon (3/15)

Altars:
The Shining One

Annotations:
D:3 ololoev's ghost, weakling DEEE


Message History

Found a stone staircase leading down.
Casting: Sandblast
Confirm with . or Enter, or press ? or * to list all spells.
Aiming: Sandblast
Press: ? - help, Shift-Dir - straight line, f - adder
Aim: an adder (resting)
The rocky blast hits the adder.
The adder is severely wounded.
Casting: Sandblast
Confirm with . or Enter, or press ? or * to list all spells.
Aiming: Sandblast
Press: ? - help, Shift-Dir - straight line, f/p - adder
Aim: an adder (severely wounded)
The rocky blast hits the adder.
You kill the adder!
A kobold comes into view. It is wielding a short sword.
The kobold shouts!
You see here an adder corpse.
You butcher the adder corpse.
You see here 2 chunks of flesh.
k - 2 chunks of flesh
Casting: Sandblast
Confirm with . or Enter, or press ? or * to list all spells.
Aiming: Sandblast
Press: ? - help, Shift-Dir - straight line, f - kobold
Aim: a kobold, wielding a short sword The rocky blast hits the kobold.
You kill the kobold!
Found an escape hatch in the floor.
Things that are here:
a short sword; a kobold corpse
Found a club.
There is a stone staircase leading down here.
You climb downwards.
There is a stone staircase leading up here.
Found 19 gold pieces and a dagger.
You now have 81 gold pieces (gained 19).
Ololoev's ghost (weakling Deep Elf Earth Elementalist) comes into view.
Ololoev's ghost turns its malevolent gaze towards you.
An adder comes into view.
Casting: Sandblast
Confirm with . or Enter, or press ? or * to list all spells.
Okay, then.
The adder moves out of view.
Casting: Sandblast
Confirm with . or Enter, or press ? or * to list all spells.
Aiming: Sandblast
Press: ? - help, Shift-Dir - straight line, f - ololoev's ghost
Aim: ololoev's ghost The rocky blast misses ololoev's ghost.
Ololoev's ghost shouts, "I have seen your future, and it is all used up."
Casting: Sandblast
Confirm with . or Enter, or press ? or * to list all spells.
Aiming: Sandblast
Press: ? - help, Shift-Dir - straight line, f/p - ololoev's ghost
Aim: ololoev's ghost The rocky blast misses ololoev's ghost.
Ololoev's ghost points at you and mumbles some strange words.
The rocky blast misses you.
Casting: Sandblast
Confirm with . or Enter, or press ? or * to list all spells.
Aiming: Sandblast
Press: ? - help, Shift-Dir - straight line, f/p - ololoev's ghost
Aim: ololoev's ghost The rocky blast hits ololoev's ghost.
Ololoev's ghost is heavily damaged.
Ololoev's ghost casts a spell at you. The rocky blast hits you!
Ouch! That really hurt!
Casting: Sandblast
Confirm with . or Enter, or press ? or * to list all spells.
Aiming: Sandblast
Press: ? - help, Shift-Dir - straight line, f/p - ololoev's ghost
Aim: ololoev's ghost (heavily damaged)
The rocky blast hits ololoev's ghost.
Ololoev's ghost is almost destroyed.
Ololoev's ghost screams, "I'll kill anyone who wants the ORB!"
Ololoev's ghost points at you and mumbles some strange words.
The rocky blast hits you!
You die...

You could see ololoev's ghost and an adder.

Vanquished Creatures
  2 adders (D:2)
  2 worms (D:2)
  2 goblins
  2 hobgoblins (D:2)
  2 jackals (D:2)
  A kobold (D:2)
  3 bats (D:2)
  2 rats (D:2)
16 creatures vanquished.

Action                   || total
-------------------------++-------
 Cast: Sandblast         ||    30
Armor: Robe              ||     1
Dodge: Dodged            ||     1

Vault maps used:
D:1:      dpeg_arrival_water_temple_mockup
D:2:      tso_altar
D:3:      gammafunk_temple_overflow_wave, minmay_ruptured, uniq_sigmund
